 Dungeon Crawl Stone Soup version 0.29-a0-271-gd4eb659eea (webtiles) character file.

Game seed: 4526842702873763667

32 spaghetti the Skirmisher (level 2, -1/26 HPs)
             Began as a Demigod Fighter on Mar 8, 2022.
             Succumbed to an adder's poison
             ... on level 2 of the Dungeon.
             The game lasted 00:05:17 (2078 turns).

spaghetti the Skirmisher (Demigod Fighter)          Turns: 2078, Time: 00:05:17

Health: -1/26      AC:  6    Str: 17    XL:     2   Next: 96%
Magic:  4/4        EV:  5    Int: 10    God:
Gold:   90         SH:  4    Dex: 13    Spells: 1/1 levels left

rFire   . . .      SeeInvis .   a - +0 rapier {short}
rCold   . . .      Faith    .   c - +0 buckler
rNeg    . . .      Spirit   .   j - +0 scale mail
rPois   .          Reflect  .   (no helmet)
rElec   .          Harm     .   (no cloak)
rCorr   .          Rampage  .   (no gloves)
Will    .....                   (no boots)
Stlth   ..........              (no amulet)
HPRegen 0.08/turn               (no ring)
MPRegen 0.09/turn               (no ring)

@: mighty, lethally poisoned (-1 -> -17), on berserk cooldown, attractive,
slowed, constricted, very slow
A: high MP 1, forlorn, divine attributes
a: no special abilities


You were on level 2 of the Dungeon.
You visited 1 branch of the dungeon, and saw 2 of its levels.

You collected 90 gold pieces.


Innate Abilities, Weirdness & Mutations

You have an increased reservoir of magic. (+10% MP)
You shall have no god before yourself.
Your divine heritage dramatically boosts your attributes as you level up.


   Skills:
 - Level 3.2 Fighting
 + Level 2.7 Short Blades
 - Level 2.6 Armour
 - Level 2.6 Shields


You had one spell level left.
You didn't know any spells.
Your spell library contained the following spells:

 Spells                   Type           Power      Damage    Failure   Level
 Borgnjor's Revivificati  Necr           0%         N/A       100%        8
 Necromutation            Tmut/Necr      0%         N/A       100%        8
 Death's Door             Necr           0%         N/A       100%        9

Inventory:

Hand Weapons
 a - a +0 rapier (weapon) {short}
 b - a +0 hunting sling {sling}
   (You found it on level 2 of the Dungeon)
Missiles
 e - 78 stones (quivered) {throwing}
Armour
 c - a +0 buckler (worn)
 j - a +0 scale mail (worn)
Magical Staves
 f - a staff of earth {!astaff}
   (You found it on level 1 of the Dungeon)
Scrolls
 g - a scroll of amnesia {unknown}
 h - a scroll of torment {unknown}
 i - a scroll of noise {unknown}
 m - a scroll of identify {unknown}
 n - 3 scrolls of blinking {unknown}
 p - a scroll of fog {unknown}

Dungeon Overview and Level Annotations

Branches:
Dungeon (2/15)

... #...# ... #...#
..... #.# ##...#
....# #.#..##...#
....# #.#.......#
....# #.##..##..#
..... #..####..##
=..#. ##.....SS##
..... ##.....S@.##
## #..........# .#
#........<.# .#
#.......>..# ♣♣.#
#..........# ♣♣♣..#
#..........# ...###
##........##
...#######..).....##
............<......#


You could see 2 adders and a ball python.


Message History

😮 HP[-4]
You take 4 damage, and now have 15/26 hp.
You miss the adder.
You feel sick. The adder bites you.
* * * LOW HITPOINT WARNING * * *
The adder bites you.
* * * LOW HITPOINT WARNING * * *
The adder bites you.
* * * LOW HITPOINT WARNING * * *
😨 HP[-8]
You take 8 damage, and now have 7/26 hp.
MASSIVE DAMAGE!! (PAUSE) It was a potion of berserk rage.
A red film seems to cover your vision as you go berserk!
You feel yourself moving faster!
You feel mighty!
You feel sick. The adder bites you.
* * * LOW HITPOINT WARNING * * *
The adder bites you but does no damage. 😱 HP[+2]
You now have 39 max hp (+13).
You regained 2 hp, and now have 9/39 hp.
You closely miss the adder.
You feel sick.
You are no longer poisoned.
The adder bites you but does no damage. You block the adder's attack. 😱 HP[-1]
You take 1 damage, and now have 8/39 hp.
You barely miss the adder. The adder closely misses you.
You block the adder's attack.
The adder bites you but does no damage. 😱 HP[+1]
You closely miss the adder. The adder bites you but does no damage.
The adder bites you.
* * * LOW HITPOINT WARNING * * *
😱 HP[-2]
You take 2 damage, and now have 7/39 hp.
You closely miss the adder. You block the adder's attack.
You barely miss the adder. The adder bites you.
* * * LOW HITPOINT WARNING * * *
The adder bites you.
* * * LOW HITPOINT WARNING * * *
😱 HP[-6]
You take 6 damage, and now have 1/39 hp.
Unknown command.
The adder attacks as you move away! The adder bites you but does no damage.
You feel a strong urge to attack something.
You feel your anger nearly subside.
You are no longer berserk.
You are exhausted.
You feel yourself slow down.
You now have 26 max hp (-13).
It was a potion of heal wounds.
You feel much better. You block the adder's attack.
The adder bites you but does no damage. 😕 HP[+22]
You regained 22 hp, and now have 23/26 hp.
Okay, then.
You feel very mighty all of a sudden. The adder bites you.
The adder barely misses you. The ball python closely misses you.
The ball python grabs you. The ball python constricts you.
The adder bites you but does no damage. 😕 HP[-2]
You take 2 damage, and now have 21/26 hp.
You barely miss the adder. You block the adder's attack.
The ball python barely misses you. The ball python constricts you.
The adder bites you.
You are poisoned.
The adder poisons you! You block the adder's attack.
The ball python bites you but does no damage.
The ball python constricts you. The adder barely misses you. 😮 HP[-4]
You take 4 damage, and now have 17/26 hp.
You barely miss the adder.
You feel sick. You block the adder's attack. The adder bites you.
You are more poisoned.
The adder poisons you! The ball python bites you.
* * * LOW HITPOINT WARNING * * *
The ball python constricts you. The adder completely misses you.
The ball python barely misses you. The ball python constricts you.
The adder bites you but does no damage. x2 😨 HP[-5]
You take 5 damage, and now have 12/26 hp.
You hit the adder.
* * * LOW HITPOINT WARNING * * *
You feel very sick. The adder bites you.
* * * LOW HITPOINT WARNING * * *
You are lethally poisoned!
The adder poisons you!
The ball python bites you but does no damage.
The ball python constricts you. The adder bites you.
* * * LOW HITPOINT WARNING * * *
You are more poisoned.
The adder poisons you! The adder barely misses you.
The ball python bites you but does no damage.
The ball python constricts you.
* * * LOW HITPOINT WARNING * * *
The adder barely misses you. 😱 HP[-8]
You take 8 damage, and now have 4/26 hp.
MASSIVE DAMAGE!! (PAUSE) It was a potion of attraction.
You feel attractive to monsters.
You die...

Skill      XL: |  1  2 |
---------------+-------+-----
Fighting       | 3 |  3.2
Short Blades   | 2 |  2.7
Armour         | |  2.6
Shields        | |  2.6

Action                   || total
-------------------------++-------
Melee: Rapier            ||   109
 Fire: Hunting sling     ||    13
  Use: Potion            ||     5
Armor: Scale mail        ||    57
Dodge: Dodged            ||    54
Block: Buckler           ||    28

Levels and vault maps discovered:
D:1:      zelgadis_glass_arrival_small, layout_loops_corners,
          nicolae_ecumenical_lake_church, hex_tiny
D:2:      layout_rooms, nrook_campfire, corner_web_ring, minmay_close_crescents

Notes
Turn   | Place    | Note
-------+----------+-------------------------------------------
     0 | D:1      | spaghetti the Demigod Fighter began the quest for the Orb.
     0 | D:1      | Reached XP level 1. HP: 18/18 MP: 3/3
     0 | D:1      | magus.rc [v1.9.6]
    68 | D:1      | You add the spells Borgnjor's Revivification, Necromutation
                  | and Death's Door to your library.
   100 | D:1      | magus.rc [v1.9.6]
   100 | D:1      | magus.rc [v1.9.6]
   211 | D:1      | Reached skill level 3 in Fighting
   286 | D:1      | You fall into a shaft and drop 1 floor!
   503 | D:2      | Reached XP level 2. HP: 26/26 MP: 4/4
   533 | D:2      | Reached skill level 2 in Short Blades
   658 | D:1      | HP: 6/26 [rat (3)]
  2063 | D:2      | HP: 9/39 [adder (1)]
  2068 | D:2      | HP: 3/39 [adder (4)]
  2068 | D:2      | HP: 1/39 [adder (2)]
  2077 | D:2      | HP: 5/26 [adder (3)]
  2078 | D:2      | Succumbed to an adder's poison

Vanquished Creatures
  2 dart slugs (D:1)
  An endoplasm (D:2)
  3 giant cockroaches
  2 goblins (D:1)
  3 hobgoblins
  3 quokkas
  6 ball pythons
  A bat (D:1)
  2 frilled lizards (D:2)
  3 kobolds
  3 rats
29 creatures vanquished.

Table legend:
 A = Non-vault XP
 B = Vault XP
 C = Vault XP percentage of total XP
 D = Non-vault monster count
 E = Vault monster count
 F = Vault count percentage of total count
                 A         B        C        D         E       F
            +---------+---------+-------+---------+---------+-------
      Total |      47 |       0 |   0.0 |      29 |       0 |   0.0
            +---------+---------+-------+---------+---------+-------
        D:1 |      33 |       0 |   0.0 |      19 |       0 |   0.0
        D:2 |      14 |       0 |   0.0 |      10 |       0 |   0.0
            +---------+---------+-------+---------+---------+-------

Illustrated notes

Table legend:
 A = Kills in this place as a percentage of kills in entire the game.
 B = Kills by you in this place as a percentage of kills by you in the entire game.
 C = Kills by friends in this place as a percentage of kills by friends in the entire game.
 D = Other kills in this place as a percentage of other kills in the entire game.
 E = Experience gained in this place as a percentage of experience gained in the entire game.
 F = Experience gained in this place divided by the number of levels of this place that you have seen.
                   A       B       C       D       E      F
               +-------+-------+-------+-------+-------+----------------------
         Total | 100.0 | 100.0 |   N/A |   N/A | 100.0 |  23.5
       Dungeon | 100.0 | 100.0 |   N/A |   N/A | 100.0 |  23.5
               +-------+-------+-------+-------+-------+----------------------

Table legend: (Time is in decaauts)
 A = Elapsed time spent in this place.
 B = Non-inter-level travel time spent in this place.
 C = Inter-level travel time spent in this place.
 D = Time resting spent in this place.
 E = Time spent auto-exploring this place.
 F = Levels seen in this place.
 G = Mean time per level.
                   A        B        C        D        E       F      G
               +--------+--------+--------+--------+--------+-----+--------+
         Total |   2099 |   2020 |     79 |    467 |   1276 |   2 | 1049.5 |
       Dungeon |   2099 |   2020 |     79 |    467 |   1276 |   2 | 1049.5 |
               +--------+--------+--------+--------+--------+-----+--------+

Top non-repeatable levels by time:
     D:1: 1610 daAuts
     D:2: 488 daAuts
